cohdb
Replays
Latest Replays
All Replays
Popular Replays
Top Player Replays
Match Explorer
How It Works
Community
CoH3 Stats
Reddit
Sign in to upload your games and track your stats! →
Sign in with Steam
Match 47012478
Unlisted
Match 47012478
Overview
Messages
Build Orders
End
Kradschützen Motorcycle Team
Selects Italian Infantry
Panzergrenadier Squad
Forward Retreat Point
Construct Light Support Kompanie
Selects Defensive Operations
MG34 Team
2.5-tonne Medical Truck
Panzerpioneer Squad
Fire Support Elements
Panzerjäger Squad
Selects Guastatori Squad
Selects Registered Artillery
Construct Panzerarmee Kommand
le.IG 18 Support Gun Team
Guastatori Squad
战神白起
wakanda forever
miiss
寻欢
XuZhongwei
vBandiTv
西逛逛
KZgaming.INnoVation
0
0
Comments
sign in to comment!
No comments posted yet!